TOP OF THE 1ST |
Batavia Muckdogs batting - Pitching for Salem-Keizer Volcanoes : LHP Robert Soto
|
Pitching: LHP Robert Soto
|
|
Batting: SHB Justin Corbett
|
0-0: Called Strike 0-1: Ball 1-1: Foul Ball, location: 2F 1-2: DOUBLE (Line Drive, 9LM, EV 110.0 MPH)
|
Batting: RHB George Boivin
|
0-0: Ball 1-0: Foul Ball, location: 2F 1-1: Ball 2-1: Foul Ball, location: 2F 2-2: SINGLE (Line Drive, 34, EV 93.8 MPH) Justin Corbett to third
|
Batting: SHB Greg Rivera
|
0-0: Ball 1-0: Ball George Boivin steals 2nd base 2-0: Called Strike 2-1: Ball 3-1: Ground out 4-3 (Groundball, 4, EV 105.0 MPH) Justin Corbett scores George Boivin to third
|
Batting: RHB Justin Dunham
|
0-0: Called Strike 0-1: Foul Ball, location: 2F 0-2: Ball 1-2: Ground out 5-3 (Groundball, 5, EV 85.0 MPH)
|
Batting: RHB Andy Kelly
|
0-0: Ball 1-0: Ball 2-0: Ball 3-0: Base on Balls
|
Batting: LHB Danny Treto
|
0-0: Called Strike 0-1: Fly out, F9 (Flyball, 9, EV 80.0 MPH)
|
Top of the 1st over - 1 run, 2 hits, 0 errors, 2 left on base; Batavia 1 - Salem-Keizer 0 |
BOTTOM OF THE 1ST |
Salem-Keizer Volcanoes batting - Pitching for Batavia Muckdogs : RHP Jesus Gomez
|
Pitching: RHP Jesus Gomez
|
|
Batting: LHB Antonio Gutierrez
|
0-0: Foul Ball, location: 2F 0-1: Ball 1-1: Ball 2-1: Foul Ball, location: 2F 2-2: Foul Ball, location: 2F 2-2: Ball 3-2: Hit by Pitch
|
Batting: LHB Alex Larangho
|
0-0: Ball Antonio Gutierrez steals 2nd base (no throw) 1-0: Swinging Strike 1-1: Ball 2-1: Foul Ball, location: 2F 2-2: Strikes out swinging
|
Batting: RHB Jaime Rios
|
0-0: Ball 1-0: Ball 2-0: Called Strike 2-1: Ball Wild Pitch! Antonio Gutierrez to third 3-1: Foul Ball, location: 2F 3-2: Base on Balls
|
Batting: LHB Takaaki Nishimoto
|
0-0: Ball Jaime Rios steals 2nd base 1-0: Swinging Strike Passed Ball! Antonio Gutierrez scores Jaime Rios to third 1-1: Called Strike 1-2: Foul Ball, location: 2F 1-2: Strikes out swinging
|
Batting: RHB Aaron Elliott
|
0-0: Ball 1-0: Ball 2-0: Called Strike 2-1: Ball 3-1: DOUBLE (Groundball, 5L, EV 103.1 MPH) Jaime Rios scores
|
Batting: LHB Adam Oldfield
|
0-0: Ball Wild Pitch! Aaron Elliott to third 1-0: Ball 2-0: Called Strike 2-1: Foul Ball, location: 2F 2-2: Ball 3-2: Foul Ball, location: 2F 3-2: Ground out 4-3 (Groundball, 4D, EV 86.2 MPH)
|
Bottom of the 1st over - 2 runs, 1 hit, 0 errors, 1 left on base; Batavia 1 - Salem-Keizer 2 |
TOP OF THE 2ND |
Batavia Muckdogs batting - Pitching for Salem-Keizer Volcanoes : LHP Robert Soto
|
Pitching: RHP James Jenkins
|
|
Batting: RHB Jason Thrash
|
0-0: Ball 1-0: Fly out, F8 (Flyball, 8LD, EV 108.8 MPH)
|
Batting: RHB Hiromitsu Yamada
|
0-0: Called Strike 0-1: Ball 1-1: Ball 2-1: Called Strike 2-2: Strikes out swinging
|
Batting: RHB Jeremy Dennis
|
0-0: Ball 1-0: Called Strike 1-1: Ground out 6-3 (Groundball, 6, EV 96.2 MPH)
|
Top of the 2nd over - 0 runs, 0 hits, 0 errors, 0 left on base; Batavia 1 - Salem-Keizer 2 |
BOTTOM OF THE 2ND |
Salem-Keizer Volcanoes batting - Pitching for Batavia Muckdogs : RHP Jesus Gomez
|
Batting: RHB Joey Black
|
0-0: Ground out 5-3 (Groundball, 56S, EV 89.4 MPH)
|
Batting: RHB Jose Sanchez
|
0-0: Called Strike 0-1: Called Strike 0-2: Ball 1-2: Ground out 5-3 (Groundball, 5, EV 83.1 MPH)
|
Batting: SHB Michael Woodard
|
0-0: Ground out 6-3 (Groundball, 6S, EV 83.1 MPH)
|
Bottom of the 2nd over - 0 runs, 0 hits, 0 errors, 0 left on base; Batavia 1 - Salem-Keizer 2 |
TOP OF THE 3RD |
Batavia Muckdogs batting - Pitching for Salem-Keizer Volcanoes : RHP James Jenkins
|
Batting: SHB Justin Corbett
|
0-0: Ball 1-0: Ball 2-0: Ground out 4-3 (Groundball, 4, EV 91.2 MPH)
|
Batting: RHB George Boivin
|
0-0: Called Strike 0-1: Ball 1-1: Foul Ball, location: 2F 1-2: SINGLE (Line Drive, 34D, EV 96.9 MPH)
|
Batting: SHB Greg Rivera
|
0-0: Ball 1-0: Ball 2-0: Ball Wild Pitch! George Boivin to second 3-0: Called Strike 3-1: Base on Balls
|
Pitching: RHP Edward Jones
|
|
Batting: RHB Justin Dunham
|
0-0: Called Strike 0-1: Ball 1-1: Ball 2-1: DOUBLE (Flyball, 78XD, EV 96.9 MPH) George Boivin scores Greg Rivera to third
|
Pinch Runner at 2nd Jim Fisher:
|
|
Batting: RHB Andy Kelly
|
0-0: SINGLE (Flyball, 78S, EV 96.2 MPH) Greg Rivera scores Jim Fisher to third
|
Batting: LHB Danny Treto
|
0-0: Ball 1-0: Ball 2-0: Foul Ball, location: 2F 2-1: Ball 3-1: Base on Balls Andy Kelly to second
|
Batting: RHB Jason Thrash
|
0-0: Ball 1-0: Ball 2-0: Called Strike 2-1: Foul Ball, location: 2F 2-2: Ball 3-2: DOUBLE (Groundball, 5L, EV 105.6 MPH) Jim Fisher scores Andy Kelly scores Danny Treto to third
|
Batting: RHB Hiromitsu Yamada
|
0-0: Foul Ball, location: 2F 0-1: Ball 1-1: Ground out 5-3 (Groundball, 56S, EV 69.4 MPH) Danny Treto scores Jason Thrash to third
|
Batting: RHB Jeremy Dennis
|
0-0: Ball 1-0: Ball 2-0: Ball Wild Pitch! Jason Thrash scores 3-0: Base on Balls
|
Batting: SHB Justin Corbett
|
0-0: Ball Jeremy Dennis steals 2nd base 1-0: Swinging Strike 1-1: Ball 2-1: Ball 3-1: SINGLE (Flyball, 4D, EV 96.2 MPH) Jeremy Dennis to third Runner from 3rd tries for Home, SAFE, throw by CF to home
|
Batting: RHB George Boivin
|
0-0: Called Strike Justin Corbett steals 2nd, throwing error, E2 Justin Corbett to third 0-1: Ball 1-1: Ball Wild Pitch! Justin Corbett scores 2-1: Ball 3-1: Fly out, F6 (Line Drive, 6, EV 67.5 MPH)
|
Top of the 3rd over - 8 runs, 5 hits, 1 error, 0 left on base; Batavia 9 - Salem-Keizer 2 |
BOTTOM OF THE 3RD |
Salem-Keizer Volcanoes batting - Pitching for Batavia Muckdogs : RHP Jesus Gomez
|
Batting: LHB Antonio Gutierrez
|
0-0: Ball 1-0: Ball 2-0: Ball 3-0: Base on Balls
|
Batting: LHB Alex Larangho
|
0-0: Called Strike 0-1: Ball Antonio Gutierrez steals 2nd base 1-1: Called Strike 1-2: Strikes out swinging
|
Batting: RHB Jaime Rios
|
0-0: Ball 1-0: Foul Ball, location: 2F 1-1: SINGLE (Line Drive, 4M, EV 95.0 MPH) Antonio Gutierrez to third
|
Batting: LHB Takaaki Nishimoto
|
0-0: Foul Ball, location: 2F 0-1: Ball 1-1: Called Strike Jaime Rios steals 2nd base 1-2: Ground out 4-3 (Groundball, 34D, EV 96.9 MPH) Antonio Gutierrez scores Jaime Rios to third
|
Batting: RHB Aaron Elliott
|
0-0: Called Strike 0-1: Swinging Strike 0-2: Ground out 2-3 (Groundball, 15S, EV 66.9 MPH)
|
Bottom of the 3rd over - 1 run, 1 hit, 0 errors, 1 left on base; Batavia 9 - Salem-Keizer 3 |
TOP OF THE 4TH |
Batavia Muckdogs batting - Pitching for Salem-Keizer Volcanoes : RHP Edward Jones
|
Batting: SHB Greg Rivera
|
0-0: Swinging Strike 0-1: Foul Ball, location: 2F 0-2: SOLO HOME RUN (Flyball, 9D, EV 100.0 MPH), Distance : 377 ft
|
Batting: RHB Jim Fisher
|
0-0: Swinging Strike 0-1: SINGLE (Groundball, 6D, EV 105.0 MPH)
|
Batting: RHB Andy Kelly
|
0-0: 2-RUN HOME RUN (Flyball, 89XD, EV 105.6 MPH), Distance : 430 ft
|
Pitching: RHP Ricky Pizarro
|
|
Batting: LHB Danny Treto
|
0-0: Foul Ball, location: 2F 0-1: Called Strike 0-2: Ball 1-2: Foul Ball, location: 2F 1-2: Foul Ball, location: 2F 1-2: Foul Ball, location: 2F 1-2: Ball 2-2: Ball 3-2: Ground out 6-3 (Groundball, 6, EV 96.9 MPH)
|
Batting: RHB Jason Thrash
|
0-0: Called Strike 0-1: Ball 1-1: Foul Ball, location: 2F 1-2: Foul Ball, location: 2F 1-2: SINGLE (Groundball, 6MD, EV 103.8 MPH)
|
Batting: RHB Hiromitsu Yamada
|
0-0: Ball 1-0: Ball 2-0: Ball 3-0: Base on Balls Jason Thrash to second
|
Batting: RHB Jeremy Dennis
|
0-0: Ball 1-0: Ball 2-0: Fielders Choice at 2nd, 6-4 (Groundball, 56, EV 88.8 MPH) Jason Thrash to third
|
Batting: SHB Justin Corbett
|
0-0: Ball 1-0: Foul Ball, location: 2F 1-1: Ball 2-1: Ground out 4-3 (Groundball, 4, EV 101.2 MPH)
|
Top of the 4th over - 3 runs, 4 hits, 0 errors, 2 left on base; Batavia 12 - Salem-Keizer 3 |
BOTTOM OF THE 4TH |
Salem-Keizer Volcanoes batting - Pitching for Batavia Muckdogs : RHP Jesus Gomez
|
Batting: LHB Adam Oldfield
|
0-0: Fly out, F8 (Flyball, 8RM, EV 86.2 MPH)
|
Batting: RHB Joey Black
|
0-0: Ball 1-0: Swinging Strike 1-1: Called Strike 1-2: Ball 2-2: Ground out U3 (Groundball, 3S, EV 74.4 MPH)
|
Batting: RHB Jose Sanchez
|
0-0: Foul Ball, location: 2F 0-1: Ball 1-1: Called Strike 1-2: Ball 2-2: SOLO HOME RUN (Flyball, 7LD, EV 96.9 MPH), Distance : 372 ft
|
Batting: SHB Michael Woodard
|
0-0: Called Strike 0-1: Foul Ball, location: 2F 0-2: Ball 1-2: Strikes out swinging
|
Bottom of the 4th over - 1 run, 1 hit, 0 errors, 0 left on base; Batavia 12 - Salem-Keizer 4 |
TOP OF THE 5TH |
Batavia Muckdogs batting - Pitching for Salem-Keizer Volcanoes : RHP Ricky Pizarro
|
Batting: RHB George Boivin
|
0-0: Ball 1-0: Fly out, F8 (Line Drive, 8RM, EV 106.9 MPH)
|
Batting: SHB Greg Rivera
|
0-0: Ball 1-0: Foul Ball, location: 2F 1-1: Foul Ball, location: 2F 1-2: Ball 2-2: Strikes out swinging
|
Batting: RHB Jim Fisher
|
0-0: DOUBLE (Line Drive, 8RD, EV 90.6 MPH)
|
Batting: RHB Andy Kelly
|
0-0: Ball 1-0: SINGLE (Flyball, 89S, EV 97.5 MPH) Jim Fisher to third
|
Batting: LHB Danny Treto
|
0-0: Fielders Choice at 2nd, 5-4 (Groundball, 5, EV 93.1 MPH)
|
Top of the 5th over - 0 runs, 2 hits, 0 errors, 2 left on base; Batavia 12 - Salem-Keizer 4 |
BOTTOM OF THE 5TH |
Salem-Keizer Volcanoes batting - Pitching for Batavia Muckdogs : RHP Jesus Gomez
|
Batting: LHB Antonio Gutierrez
|
0-0: Ball 1-0: Swinging Strike 1-1: Swinging Strike 1-2: Ball 2-2: Ball 3-2: Ground out U3 (Groundball, 34S, EV 81.9 MPH)
|
Batting: LHB Alex Larangho
|
0-0: Fly out, F8 (Flyball, 8LD, EV 103.1 MPH)
|
Batting: RHB Jaime Rios
|
0-0: Called Strike 0-1: Swinging Strike 0-2: Ball 1-2: Foul Ball, location: 2F 1-2: Foul Ball, location: 2F 1-2: Foul Ball, location: 2F 1-2: Foul Ball, location: 2F 1-2: Strikes out looking
|
Bottom of the 5th over - 0 runs, 0 hits, 0 errors, 0 left on base; Batavia 12 - Salem-Keizer 4 |
TOP OF THE 6TH |
Batavia Muckdogs batting - Pitching for Salem-Keizer Volcanoes : RHP Ricky Pizarro
|
Batting: RHB Jason Thrash
|
0-0: Called Strike 0-1: Ball 1-1: Fly out, F9 (Flyball, 9D, EV 91.2 MPH)
|
Batting: RHB Hiromitsu Yamada
|
0-0: Swinging Strike 0-1: Ball 1-1: Ball 2-1: Ground out 6-3 (Groundball, 6, EV 97.5 MPH)
|
Batting: RHB Jeremy Dennis
|
0-0: Called Strike 0-1: Ball 1-1: Swinging Strike 1-2: Ball 2-2: Ball 3-2: Foul Ball, location: 2F 3-2: Base on Balls
|
Batting: SHB Justin Corbett
|
0-0: Called Strike 0-1: Ball 1-1: Fly out, F8 (Flyball, 89M, EV 95.0 MPH)
|
Top of the 6th over - 0 runs, 0 hits, 0 errors, 1 left on base; Batavia 12 - Salem-Keizer 4 |
BOTTOM OF THE 6TH |
Salem-Keizer Volcanoes batting - Pitching for Batavia Muckdogs : RHP Jesus Gomez
|
Batting: LHB Takaaki Nishimoto
|
0-0: Called Strike 0-1: Ball 1-1: Ball 2-1: Foul Ball, location: 2F 2-2: Ball 3-2: Foul Ball, location: 2F 3-2: Base on Balls
|
Pitching: RHP Alfonso Mier
|
|
Batting: RHB Aaron Elliott
|
0-0: Ball 1-0: Ball 2-0: Ball 3-0: Base on Balls Takaaki Nishimoto to second
|
Batting: LHB Adam Oldfield
|
0-0: Called Strike 0-1: Ball 1-1: Ball 2-1: Swinging Strike 2-2: Ball 3-2: Foul Ball, location: 2F 3-2: Fly out, F8 (Flyball, 8LS, EV 73.8 MPH)
|
Batting: RHB Joey Black
|
0-0: TRIPLE (Line Drive, 8LXD, EV 102.5 MPH) Takaaki Nishimoto scores Aaron Elliott scores
|
Batting: RHB Jose Sanchez
|
0-0: Ball 1-0: Foul Ball, location: 2F 1-1: Ball 2-1: Swinging Strike 2-2: Foul Ball, location: 2F 2-2: SINGLE (Flyball, 5D, EV 94.4 MPH) Joey Black scores
|
Batting: SHB Michael Woodard
|
0-0: Ball 1-0: Swinging Strike 1-1: Ball 2-1: Called Strike 2-2: Ball 3-2: Foul Ball, location: 2F 3-2: Base on Balls Jose Sanchez to second
|
Batting: LHB Antonio Gutierrez
|
0-0: Called Strike 0-1: Ball 1-1: Foul Ball, location: 2F 1-2: Ball 2-2: Ball 3-2: Fly out, F8 (Flyball, 8LD, EV 91.9 MPH) Runner from 2nd tags up, SAFE at 3rd with throw by CF
|
Batting: LHB Alex Larangho
|
0-0: Called Strike 0-1: Swinging Strike Passed Ball! Jose Sanchez scores Michael Woodard to second 0-2: Foul Ball, location: 2F 0-2: Ball 1-2: Ball 2-2: Foul Ball, location: 2F 2-2: Strikes out swinging
|
Bottom of the 6th over - 4 runs, 2 hits, 0 errors, 1 left on base; Batavia 12 - Salem-Keizer 8 |
TOP OF THE 7TH |
Batavia Muckdogs batting - Pitching for Salem-Keizer Volcanoes : RHP Ricky Pizarro
|
Batting: RHB George Boivin
|
0-0: Swinging Strike 0-1: Ball 1-1: Foul Ball, location: 2F 1-2: Ball 2-2: Strikes out looking
|
Batting: SHB Greg Rivera
|
0-0: Ball 1-0: SOLO HOME RUN (Flyball, 9D, EV 94.4 MPH), Distance : 376 ft
|
Batting: RHB Jim Fisher
|
0-0: Ball 1-0: Called Strike 1-1: Swinging Strike 1-2: SINGLE (Groundball, 4D, EV 101.2 MPH)
|
Pitching: LHP Ricardo Torres
|
|
Batting: RHB Andy Kelly
|
0-0: Ball 1-0: Called Strike 1-1: Foul Ball, location: 2F 1-2: Ball Wild Pitch! Jim Fisher to second 2-2: Foul Ball, location: 2F 2-2: Foul Ball, location: 2F 2-2: Foul Ball, location: 2F 2-2: Ground out 6-3 (Groundball, 6S, EV 83.1 MPH)
|
Batting: LHB Danny Treto
|
0-0: Ball 1-0: Ball 2-0: Called Strike 2-1: Swinging Strike 2-2: SINGLE (Line Drive, 9LM, EV 105.6 MPH) Jim Fisher to third
|
Batting: RHB Jason Thrash
|
0-0: Ball 1-0: Ground out U3 (Groundball, 3, EV 103.1 MPH)
|
Top of the 7th over - 1 run, 3 hits, 0 errors, 2 left on base; Batavia 13 - Salem-Keizer 8 |
BOTTOM OF THE 7TH |
Salem-Keizer Volcanoes batting - Pitching for Batavia Muckdogs : RHP Alfonso Mier
|
Pitching: RHP Matt Slater
|
|
Batting: RHB Jaime Rios
|
0-0: Called Strike 0-1: Ball 1-1: Swinging Strike 1-2: Ball 2-2: Strikes out looking
|
Batting: LHB Takaaki Nishimoto
|
0-0: Called Strike 0-1: Ball 1-1: Ground out U3 (Groundball, 3, EV 108.8 MPH)
|
Batting: RHB Aaron Elliott
|
0-0: Ball 1-0: Swinging Strike 1-1: Swinging Strike 1-2: Foul Ball, location: 2F 1-2: Ball 2-2: Strikes out swinging
|
Bottom of the 7th over - 0 runs, 0 hits, 0 errors, 0 left on base; Batavia 13 - Salem-Keizer 8 |
TOP OF THE 8TH |
Batavia Muckdogs batting - Pitching for Salem-Keizer Volcanoes : LHP Ricardo Torres
|
Batting: RHB Hiromitsu Yamada
|
0-0: Ball 1-0: Called Strike 1-1: Called Strike 1-2: Ground out 6-3 (Groundball, 6, EV 83.8 MPH)
|
Batting: RHB Jeremy Dennis
|
0-0: Ball 1-0: Foul Ball, location: 2F 1-1: Reached on error, E6 (Groundball, 6, EV 89.4 MPH)
|
Batting: SHB Justin Corbett
|
0-0: Ball Jeremy Dennis steals 2nd base 1-0: Ball 2-0: Foul Ball, location: 2F 2-1: Ground out 5-3 (Groundball, 56, EV 103.1 MPH)
|
Batting: RHB George Boivin
|
0-0: Foul Ball, location: 2F 0-1: Called Strike 0-2: Fly out, F9 (Flyball, 89S, EV 84.4 MPH)
|
Top of the 8th over - 0 runs, 0 hits, 1 error, 1 left on base; Batavia 13 - Salem-Keizer 8 |
BOTTOM OF THE 8TH |
Salem-Keizer Volcanoes batting - Pitching for Batavia Muckdogs : RHP Matt Slater
|
Batting: LHB Adam Oldfield
|
0-0: Swinging Strike 0-1: Foul Ball, location: 2F 0-2: Ball 1-2: Strikes out swinging
|
Batting: RHB Joey Black
|
0-0: Ball 1-0: Ball 2-0: Ball 3-0: Called Strike 3-1: Called Strike 3-2: Fly out, F3 (Line Drive, 3, EV 63.1 MPH)
|
Batting: RHB Jose Sanchez
|
0-0: Ball 1-0: Called Strike 1-1: Ball 2-1: Ball 3-1: Foul Ball, location: 2F 3-2: Foul Ball, location: 2F 3-2: Base on Balls
|
Batting: SHB Michael Woodard
|
0-0: Ball 1-0: Called Strike 1-1: Foul Ball, location: 2F 1-2: Ball 2-2: Ball 3-2: Base on Balls Jose Sanchez to second
|
Batting: LHB Antonio Gutierrez
|
0-0: Ball 1-0: Ball 2-0: Ground out U3 (Groundball, 3L, EV 91.9 MPH)
|
Bottom of the 8th over - 0 runs, 0 hits, 0 errors, 2 left on base; Batavia 13 - Salem-Keizer 8 |
TOP OF THE 9TH |
Batavia Muckdogs batting - Pitching for Salem-Keizer Volcanoes : LHP Ricardo Torres
|
Batting: SHB Greg Rivera
|
0-0: Ball 1-0: Foul Ball, location: 2F 1-1: Ground out 4-3 (Groundball, 4MS, EV 83.1 MPH)
|
Batting: RHB Jim Fisher
|
0-0: Ball 1-0: Called Strike 1-1: Ball 2-1: Ball 3-1: Foul Ball, location: 2F 3-2: Ground out 3-1 (Groundball, 34S, EV 93.8 MPH)
|
Batting: RHB Andy Kelly
|
0-0: Called Strike 0-1: Foul Ball, location: 2F 0-2: Ball 1-2: Ball 2-2: Ground out 4-3 (Groundball, 4MS, EV 85.0 MPH)
|
Top of the 9th over - 0 runs, 0 hits, 0 errors, 0 left on base; Batavia 13 - Salem-Keizer 8 |
BOTTOM OF THE 9TH |
Salem-Keizer Volcanoes batting - Pitching for Batavia Muckdogs : RHP Matt Slater
|
Batting: LHB Alex Larangho
|
0-0: Called Strike 0-1: Ball 1-1: Foul Ball, location: 2F 1-2: Ground out 4-3 (Groundball, 34D, EV 98.8 MPH)
|
Batting: RHB Jaime Rios
|
0-0: Ball 1-0: SINGLE (Groundball, 6M, EV 105.0 MPH) (infield hit)
|
Pitching: LHP Will Sledge
|
|
Batting: LHB Takaaki Nishimoto
|
0-0: Called Strike 0-1: Foul Ball, location: 2F 0-2: Ground out 4-3 (Groundball, 34, EV 109.4 MPH) Jaime Rios to second
|
Batting: RHB Aaron Elliott
|
0-0: Ball 1-0: Swinging Strike 1-1: Ball 2-1: Ground out 3-1 (Groundball, 13, EV 92.5 MPH)
|
Bottom of the 9th over - 0 runs, 1 hit, 0 errors, 1 left on base; Batavia 13 - Salem-Keizer 8 |
|